 Dungeon Crawl Stone Soup version 0.27-a0-1529-g1e82c303ef (webtiles) character file.

Game seed: 13774765283623491935

102 blackman the Chopper (level 5, -1/38 HPs)
             Began as a Human Wanderer on July 11, 2021.
             Killed from afar by an orc wizard (5 damage)
             ... with a puff of flame
             ... on level 2 of the Dungeon.
             The game lasted 00:05:50 (3536 turns).

blackman the Chopper (Human Wanderer)               Turns: 3536, Time: 00:05:51

Health: -1/38      AC: 11    Str: 12    XL:     5   Next: 5%
Magic:  5/5        EV:  2    Int: 14    God:
Gold:   83         SH:  0    Dex: 12    Spells: 3/4 levels left

rFire    . . .     SeeInvis .   i - +0 hand axe
rCold    . . .     Faith    .   (no shield)
rNeg     . . .     Spirit   .   e - +0 plate armour
rPois    .         Reflect  .   (no helmet)
rElec    .         Harm     .   (no cloak)
rCorr    .         Rampage  .   g - +0 pair of gloves
Will     .....                  (no boots)
Stlth    ..........             (no amulet)
HPRegen  0.12/turn              (no ring)
MPRegen  0.09/turn              (no ring)

@: confused
A: no striking features
a: no special abilities


You were on level 2 of the Dungeon.
You visited 1 branch of the dungeon, and saw 3 of its levels.

You collected 83 gold pieces.

Inventory:

Hand Weapons
 a - a +2 spear
 c - a +0 dagger
 i - a +0 hand axe (weapon)
Missiles
 k - a throwing net
 m - 32 poisoned darts
Armour
 b - a +0 robe
 e - a +0 plate armour (worn)
 g - a +0 pair of gloves (worn)
Jewellery
 r - a ring of protection from cold
Scrolls
 d - a scroll of silence {unknown}
 j - a scroll of magic mapping {unknown}
 n - a scroll of enchant armour {unknown}
 q - a scroll of teleportation
 t - a scroll of identify {unknown}
Potions
 f - a potion of ambrosia {unknown}
 h - a potion of curing {unknown}
 l - a potion of brilliance {unknown}
 o - a potion of degeneration {unknown}
 p - a potion of heal wounds {unknown}
 s - a potion of cancellation {unknown}


   Skills:
 - Level 2.0 Fighting
 * Level 4.2(4.3) Axes
 - Level 1.0(2.8) Polearms
 - Level 2.0 Bows
 - Level 1.0 Throwing
 - Level 1.0 Armour
 - Level 2.0 Stealth
 - Level 1.0 Evocations


You had 3 spell levels left.
You knew the following spells:

 Your Spells              Type           Power      Damage    Failure   Level
a - Magic Dart            Conj           0%         1d3       100%        1

Your spell library contained the following spells:

 Spells                   Type           Power      Damage    Failure   Level
 Corpse Rot               Necr/Air       N/A        N/A       100%        2
 Sublimation of Blood     Necr           0%         N/A       100%        2
 Stone Arrow              Conj/Erth      0%         3d7       100%        3


Dungeon Overview and Level Annotations

Branches:
Dungeon (3/15)

Altars:
Fedhas

Shops:
D:1 *

Annotations:
D:3 Grinder


Message History

The orc wizard is moderately wounded.
You hit the orc but do no damage.
The orc wizard hits you but does no damage.
The orc hits you but does no damage.
You hit the orc wizard.
The orc wizard is heavily wounded.
You closely miss the orc.
The orc wizard mumbles some strange words.
The orc wizard flickers and vanishes!
Deactivating autopickup; reactivate with Ctrl-A.
The orc hits you with a +2 hand axe of freezing!
The orc freezes you.
You are too injured to fight recklessly!
You are too injured to fight recklessly!
You are too injured to fight recklessly!
You are too injured to fight recklessly!
You are too injured to fight recklessly!
You closely miss the orc. You miss something. Something hits you.
The orc hits you with a +2 hand axe of freezing.
* * * LOW HITPOINT WARNING * * *
The orc freezes you.
* * * LOW HITPOINT WARNING * * *
You barely miss the orc. You barely miss something.
You hear some strange, mumbled words.
You are confused.
The orc hits you with a +2 hand axe of freezing.
* * * LOW HITPOINT WARNING * * *
The orc freezes you.
* * * LOW HITPOINT WARNING * * *
Something hits you but does no damage.
Your plate armour prevents you from hitting the orc.
You hit something but do no damage. The orc barely misses you.
You hear some strange, mumbled words.
You are more confused.
Your plate armour prevents you from hitting the orc.
You barely miss something. The orc hits you but does no damage.
You hear some strange, mumbled words.
A puff of flame appears from out of thin air!
The puff of flame hits you.
You die...

##.........># #...# ####.###
............# #####...####.......
...#..#..##.###............##.#..
.....<........................#.#
...##.#..##.###............##....
...##.#..##.# #####...####.......
##..........# #...# ####.#..
########.##########...# #.#..
...# #.# #.{@o...(# #.#.. .#.###
#.# #.####..########.#..
.#...###.#####.####........##.#..
####.##.............#.####.##....
.#...##..####...#.......##.####..
.#.......#..............##.# ###
...####.##.##.........#.##.#####
#### #.##.##.#.#>....#........#
#.......#............###.#


You could see an orc.

Vanquished Creatures
  Terence (D:2)
  3 adders (D:2)
  5 orcs
  5 endoplasms
  2 giant cockroaches
  2 goblins (D:1)
  4 hobgoblins
  A quokka (D:1)
  6 ball pythons
  4 bats
  5 frilled lizards
  3 kobolds
  2 rats
43 creatures vanquished.

Notes
Turn   | Place    | Note
-------+----------+-------------------------------------------
     0 | D:1      | blackman the Human Wanderer began the quest for the Orb.
     0 | D:1      | blackman set off with the following items: a +2 spear, a +0
                  | robe, a +0 dagger; and the following spell memorised: Magic
                  | Dart; and the following spells available to memorise:
                  | Corpse Rot, Sublimation of Blood, Stone Arrow
     0 | D:1      | Reached XP level 1. HP: 16/16 MP: 1/1
   301 | D:1      | Reached skill level 1 in Axes
   485 | D:1      | Reached XP level 2. HP: 22/22 MP: 2/2
   791 | D:1      | Found Wocaut's General Store.
   812 | D:1      | Reached skill level 2 in Axes
   988 | D:1      | Found a faded altar of an unknown god.
  1045 | D:1      | Reached XP level 3. HP: 24/27 MP: 3/3
  1334 | D:2      | Noticed Terence
  1368 | D:2      | Killed Terence
  1369 | D:2      | Reached skill level 3 in Axes
  1369 | D:2      | Reached XP level 4. HP: 16/33 MP: 4/4
  1759 | D:2      | Found a blossoming altar of Fedhas.
  2462 | D:3      | Noticed Grinder
  2577 | D:2      | Reached skill level 4 in Axes
  3301 | D:2      | Reached XP level 5. HP: 31/38 MP: 5/5
  3536 | D:2      | Killed from afar by an orc wizard

Illustrated notes

Levels and vault maps discovered:
D:1:      evilmike_arrival_hilbert_curve, layout_loops_ring, serial_shops,
          shop_statue, hellmonk_ecumenical_altar_lost_god
D:2:      layout_loops_cross, basic_altar, corner_web_ring, uniq_terence
D:3:      cheibrodos_helix_gallery, layout_basic,
          mainiacjoe_overflow_concentric_impassable,
          amethyst_overflow_temple_binary, grunt_ministairs_9,
          minmay_misc_feat_cross, uniq_grinder

Skill      XL: |  1  2  3  4 |
---------------+-------------+-----
Axes           | 1 2 3 4 |  4.2
Fighting       | |  2.0
Polearms       | |  1.0
Bows           | |  2.0
Throwing       | |  1.0
Armour         | |  1.0
Stealth        | |  2.0
Evocations     | |  1.0

Action                   |  1- 3 |  4- 6 || total
-------------------------+-------+-------++-------
Melee: Hand axe          |   106 |    94 ||   200
Throw: Dart              |    10 |       ||    10
  Use: Scroll            |       |     1 ||     1
Armor: Plate armour      |   104 |   115 ||   219
Dodge: Dodged            |     8 |    11 ||    19

Table legend: (Time is in decaauts)
 A = Elapsed time spent in this place.
 B = Non-inter-level travel time spent in this place.
 C = Inter-level travel time spent in this place.
 D = Time resting spent in this place.
 E = Time spent auto-exploring this place.
 F = Levels seen in this place.
 G = Mean time per level.
                   A        B        C        D        E       F      G
               +--------+--------+--------+--------+--------+-----+--------+
         Total |   3572 |   3492 |     80 |   1200 |   1816 |   3 | 1190.7 |
       Dungeon |   3572 |   3492 |     80 |   1200 |   1816 |   3 | 1190.7 |
               +--------+--------+--------+--------+--------+-----+--------+

Top non-repeatable levels by time:
     D:2: 2162 daAuts
     D:1: 1306 daAuts
     D:3: 103 daAuts
